AoeStats
← wujiang

African Clearing

510452153Analyzed
2v2 RM · 6h ago on Oct 1, 2026· 27m 18s· 4 players
Game mode
Random Map
Map size
Medium (4 player)
Population
200
Speed
Normal
Resources
Standard
Victory
Conquest
Starting age
Dark Age
Ending age
Imperial Age
RankedLock teamsTeams togetherTeam positionsShared explorationLock speedFull tech treeHidden civsTurbo modeCheats
Victory
Defeat
🇨🇱 Franks · Chile
857
+14
🇨🇱 Byzantines · Chile
803
+16
🇨🇳 Vikings · China
994
-22
622
-8
你只是一个丑企鹅
6:20 Loom
19:27 Feudal Age
24:03 Castle Age
22:50 Bloodlines
22:54 Double-Bit Axe
22:50 Horse Collar
23:39 Scale Barding Armor
23:32 Gold Mining
25:07 Chain Barding Armor
24:58 Forging
25:01 Bow Saw
25:36 Wheelbarrow
26:47 Pikeman
wujiang
5:54 Loom
12:50 Feudal Age
17:27 Castle Age
15:36 Double-Bit Axe
17:01 Horse Collar
17:38 Scale Mail Armor
17:50 Forging
17:56 Padded Archer Armor
18:23 Scale Mail Armor
18:34 Forging
20:15 Bow Saw
26:36 Town Watch
ElLechero901
6:09 Loom
16:59 Feudal Age
19:24 Wheelbarrow
20:51 Castle Age
23:06 Husbandry
24:18 Scale Barding Armor
24:24 Forging
24:12 Double-Bit Axe
Seetz
12:53 Loom
17:02 Feudal Age
19:38 Horse Collar
19:45 Double-Bit Axe
24:42 Castle Age
29:58 Imperial Age
Connection lost

Rejoining the realm…

Still unreachable

The connection could not be restored.

Session expired

The server has moved on; the page needs a fresh start.